 Dungeon Crawl Stone Soup version 0.29.1-12-g30fa7ad0bf (webtiles) character file.

Game seed: 3684097748977693695

593 EarthwalkerPL the Covered (level 7, -10/63 HPs)
             Began as a Minotaur Fighter on Dec 24, 2022.
             Was a Follower of Okawaru.
             Killed by nerve-wracking pain
             ... invoked by an orc priest
              (13 damage)
             ... on level 5 of the Dungeon.
             The game lasted 00:05:51 (4569 turns).

EarthwalkerPL the Covered (Minotaur Fighter)        Turns: 4569, Time: 00:05:51

Health: -10/63     AC: 10    Str: 22    XL:     7   Next: 16%
Magic:  6/6        EV:  9    Int: 11    God:    Okawaru [*.....]
Gold:   233        SH:  5    Dex: 10    Spells: 6/6 levels left

rFire   . . .      SeeInvis .   a - +0 war axe
rCold   . . .      Faith    .   c - +0 buckler
rNeg    . . .      Spirit   .   b - +0 scale mail
rPois   .          Reflect  .   (helmet restricted)
rElec   .          Harm     .   (no cloak)
rCorr   +          Rampage  .   s - +2 pair of gloves
Will    .....                   (no boots)
Stlth   ..........              (no amulet)
HPRegen 0.20/turn               o - ring of resist corrosion
MPRegen 0.10/turn               e - +6 ring of intelligence

@: no status effects
A: horns 2, retaliatory headbutt
a: Renounce Religion, Heroism


You were on level 5 of the Dungeon.
You worshipped Okawaru.
Okawaru was aware of your devotion.
You visited 2 branches of the dungeon, and saw 6 of its levels.

You collected 233 gold pieces.

Inventory:

Hand Weapons
 a - a +0 war axe (weapon)
Missiles
 g - 14 poisoned darts (quivered)
 t - 3 boomerangs
Armour
 b - a +0 scale mail (worn)
 c - a +0 buckler (worn)
 s - a +2 pair of gloves (worn)
Jewellery
 e - a +6 ring of intelligence (right hand)
 o - a ring of resist corrosion (left hand)
Scrolls
 f - a scroll of immolation {unknown}
 i - 2 scrolls of vulnerability {unknown}
 j - 2 scrolls of enchant weapon {unknown}
 l - 4 scrolls of identify {unknown}
 m - a scroll of teleportation {unknown}
 q - a scroll of brand weapon {unknown}
 u - a scroll of torment {unknown}
 v - a scroll of blinking {unknown}
Potions
 d - 3 potions of might
 h - 2 potions of heal wounds {unknown}
 k - 2 potions of invisibility {unknown}
 n - a potion of berserk rage {unknown}
 p - 2 potions of brilliance {unknown}
 r - a potion of curing {unknown}
 w - a potion of lignification {unknown}


   Skills:
 * Level 6.0 Fighting
 * Level 5.5 Axes
 * Level 6.1 Armour
 + Level 5.0 Shields


You had 6 spell levels left.
You didn't know any spells.
Your spell library contained the following spells:

 Spells                   Type           Power      Damage    Failure   Level
 Conjure Flame            Conj/Fire      0%         6-21      97%         3
 Ignite Poison            Fire/Tmut/Pois 0%         N/A       97%         3
 Ozocubu's Armour         Ice            0%         N/A       97%         3
 Sticky Flame             Conj/Fire      0%         2d3       100%        4
 Ozocubu's Refrigeration  Ice            0%         4d7       100%        7


Dungeon Overview and Level Annotations

Branches:
Dungeon (5/15)             Temple (1/1) D:4

Altars:
Cheibriados
Elyvilon
Gozag
Hepliaklqana
Makhleb
Okawaru
Ru
Trog
Vehumet
Wu Jian
Yredelemnul
Zin


Innate Abilities, Weirdness & Mutations

You have a pair of horns on your head.
You reflexively headbutt those who attack you in melee.


Message History

The orc priest invokes the aid of Beogh against you.
Beogh smites you!
You hit the orc priest. Your headbutt misses the orc priest.
The orc priest is moderately wounded.
The orc priest barely misses you.
The orc priest mumbles some strange prayers to Beogh against you.
Beogh smites you!
* * * LOW HITPOINT WARNING * * *
You closely miss the orc priest.
The orc priest is moderately wounded.
The orc priest hits you with a +0 falchion.
* * * LOW HITPOINT WARNING * * *
You closely miss the orc priest. Your headbutt misses the orc priest.
The orc priest is moderately wounded.
The orc priest looks encouraged for a moment.
You slash the orc priest!
You kill the orc priest!
Okawaru accepts your kill.
The orc priest hits you with a +0 flail.
* * * LOW HITPOINT WARNING * * *
You hit the orc priest.
The orc priest is lightly wounded.
The orc priest completely misses you.
You barely miss the orc priest. Your headbutt misses the orc priest.
The orc priest is lightly wounded.
The orc priest hits you with a +0 flail.
* * * LOW HITPOINT WARNING * * *
You closely miss the orc priest.
The orc priest is lightly wounded.
The orc priest barely misses you. The orc priest completely misses you.
You furiously retaliate!
You headbutt the orc priest! You closely miss the orc priest.
Your headbutt misses the orc priest.
The orc priest is almost dead.
You block the orc priest's attack.
You barely miss the orc priest.
You headbutt the orc priest, but do no damage.
The orc priest is almost dead.
The orc priest invokes the aid of Beogh against you.
Pain shoots through your body!
You die...

...<.....#
......#### ......#
...#### ###
........ ..#
....#### #.# ###.#
#.# ###.# #o# ..#.#
####@## ..#.#
#.)...# ..#.#
#.##### ..#.# #^#
[.#.## #.# .....##
#.#### ......#
#....# ....#.#
####.#
###...##########.##


You could see an orc priest.

Vanquished Creatures
  Menkaure (D:5)
  A scorpion (D:4)
  A necrophage (D:4)
  A howler monkey (D:4)
  2 orc priests (D:5)
  A jelly (D:4)
  2 hounds (D:4)
  2 orc wizards
  2 adders (D:2)
  A white imp (D:4)
  2 worms (D:2)
  2 dart slugs
  9 orcs
  4 ball pythons
  3 bats
  7 endoplasms
  5 giant cockroaches
  12 goblins
  4 hobgoblins
  2 jackals (D:1)
  3 kobolds
  A quokka (D:2)
  4 frilled lizards
  4 rats
76 creatures vanquished.

Notes
Turn   | Place    | Note
-------+----------+-------------------------------------------
     0 | D:1      | EarthwalkerPL the Minotaur Fighter began the quest for the
                  | Orb.
     0 | D:1      | Reached XP level 1. HP: 19/19 MP: 0/0
   345 | D:1      | Reached XP level 2. HP: 21/27 MP: 1/1
   778 | D:1      | Found a faded altar of an unknown god.
  1106 | D:2      | Reached XP level 3. HP: 28/33 MP: 2/2
  1975 | D:3      | Reached XP level 4. HP: 41/41 MP: 3/3
  2969 | D:4      | Found a staircase to the Ecumenical Temple.
  2983 | Temple   | Entered the Ecumenical Temple
  3047 | Temple   | Became a worshipper of Warmaster Okawaru
  3160 | D:4      | Reached XP level 5. HP: 45/47 MP: 4/4
  3174 | D:4      | Reached skill level 5 in Fighting
  3174 | D:4      | Reached skill level 5 in Armour
  3222 | D:4      | Reached XP level 6. HP: 37/56 MP: 5/5
  3692 | D:4      | Reached skill level 5 in Axes
  3860 | D:5      | Entered Level 5 of the Dungeon
  3888 | D:5      | Noticed Menkaure
  4346 | D:5      | Killed Menkaure
  4346 | D:5      | Reached * piety under Okawaru
  4557 | D:5      | Reached XP level 7. HP: 62/62 MP: 6/6
  4560 | D:5      | Reached skill level 5 in Shields
  4564 | D:5      | HP: 3/63 [orc priest/+0 flail (3)]
  4569 | D:5      | Killed from afar by an orc priest

Illustrated notes

Levels and vault maps discovered:
D:1:      wander_arrival_lonely_grave, layout_basic,
          ebering_ecumenical_altar_box, grunt_decor_resistance
D:2:      minmay_angry_zag, layout_loops_ring
D:3:      layout_loops_ring, hangedman_abyss_or_decor_lesser_grid,
          grunt_ministairs_3, minmay_misc_feat_rows
D:4:      layout_loops_ring, minmay_temple_entry_slanted
D:5:      wander_river, layout_basic, uniq_ijyb, uniq_menkaure
Temple:   nicolae_temple_x_marks_the_god

Skill      XL: |  1  2  3  4  5  6  7 |
---------------+----------------------+-----
Fighting       | 4 5 6 |  6.0
Axes           | 3 4 5 |  5.5
Armour         | 4 5 6 |  6.1
Shields        | 4 5 |  5.0

Action                   |  1- 3 |  4- 6 |  7- 9 || total
-------------------------+-------+-------+-------++-------
Melee: War axe           |    73 |    92 |    13 ||   178
       Headbutt          |    10 |    20 |     2 ||    32
Throw: Dart              |       |     5 |       ||     5
Armor: Scale mail        |    28 |    54 |       ||    82
Dodge: Dodged            |    27 |    42 |     4 ||    73
Block: Buckler           |    12 |    21 |     1 ||    34
